Map: Moondance

Players

Vindicta

  • Race: Terran Terran
  • Spawn Location: 12:00

Zoun - Winner!

  • Race: Protoss Protoss
  • Spawn Location: 6:00

Event: DreamHack SC2 Masters 2022 Atlanta (Offline)

VOD

Have the link to the VOD?

Description

Time

  • Played on: Nov. 18, 2022, 10:42 a.m.
  • Length: 7:10

All games in this series

Show
View Real Time Build Order
Export as new Build Order

Vindicta Terran 

Build Orders:  

Get SALT Encoding   

  12  0:00  SCV  
  13  0:12  SCV  
  14  0:17  Supply Depot  
  14  0:24  SCV  
  15  0:38  SCV  
  15  0:39  Barracks  
  16  0:43  Refinery  
  16  0:50  SCV  
  16  0:53  Refinery  
  17  1:02  SCV  
  18  1:14  SCV  
  19  1:21  Engineering Bay  
  19  1:27  Reaper  
  20  1:33  Orbital Command  
  20  1:46  Factory  
  20  1:51  Supply Depot  
  20  1:58  SCV  
  20  2:01  Barracks Reactor  
  21  2:06  Bunker  
  21  2:11  SCV  
  22  2:23  SCV  
  22  2:37  SCV, Marine x2  
  22  2:41  Factory Tech Lab  
  25  2:49  SCV  
  25  2:55  Command Center  
  25  3:00  Cyclone  
  25  3:01  SCV, Marine x2  
  31  3:07  Supply Depot  
  31  3:17  Starport  
  31  3:28  Marine x2  
  31  3:29  SCV  
  34  3:38  Supply Depot  
  34  3:41  SCV, Factory Tech Lab  
  35  3:46  Marine x2  
  37  3:53  SCV  
  41  4:08  Marine  
  41  4:09  Marine  
  45  4:12  Viking  
  45  4:14  Cyclone, SCV  
  39  4:26  SCV  
  39  4:29  Orbital Command  
  39  4:31  Marine x2  
  42  4:39  SCV  
  43  4:46  Cyclone  
  43  4:47  Viking  
  43  4:50  Marine  
  43  4:51  SCV  
  49  4:57  SCV  
  46  5:03  SCV  
  46  5:09  SCV  
  47  5:14  Marine x2  
  47  5:15  SCV  
  49  5:21  Command Center  
  49  5:22  SCV  
  49  5:27  SCV  
  54  5:29  Siege Tank  
  54  5:30  Liberator  
  54  5:34  Supply Depot  
  54  5:35  SCV  
  58  5:36  Marine x2  
  58  5:39  SCV  
  62  5:54  Supply Depot  
  62  5:56  SCV  
  62  5:57  Supply Depot  
  62  5:58  Marine  
  62  6:00  Barracks, Marine  
  62  6:03  Barracks  
  64  6:05  Siege Tank  
  64  6:06  SCV  
  64  6:08  SCV  
  69  6:16  Marine  
  69  6:18  SCV  
  71  6:20  Supply Depot, SCV  
  71  6:23  Starport Reactor  
  72  6:26  Marine  
  72  6:28  Engineering Bay  
  72  6:30  SCV  
  74  6:37  Bunker  
  74  6:38  Bunker  
  74  6:39  SCV  
  75  6:43  Marine  
  75  6:46  Supply Depot, SCV  
  81  6:51  Barracks Tech Lab  
  81  6:53  SCV  
  75  7:04  Refinery x2  
Show
View Real Time Build Order
Export as new Build Order

Zoun Protoss - Winner!

Build Orders: 1 Gate Expand, Phoenix Opening 

Get SALT Encoding   

  12  0:00  Probe  
  13  0:12  Probe  
  14  0:16  Pylon  
  14  0:24  Probe (Chrono Boost)  
  15  0:36  Probe (Chrono Boost)  
  15  0:38  Gateway  
  16  0:43  Probe (Chrono Boost)  
  16  0:48  Assimilator  
  17  0:50  Probe  
  18  1:03  Probe  
  19  1:15  Probe  
  20  1:25  Cybernetics Core  
  20  1:36  Probe  
  21  1:41  Nexus  
  21  1:44  Pylon  
  21  1:48  Probe  
  21  1:51  Assimilator  
  22  2:00  Probe  
  22  2:01  Adept (Chrono Boost)  
  23  2:05  Warp Gate  
  24  2:13  Shield Battery, Probe  
  25  2:23  Stalker (Chrono Boost)  
  25  2:27  Probe  
  28  2:41  Probe  
  28  2:42  Twilight Council  
  29  2:53  Stargate  
  29  2:54  Probe x2 (Chrono Boost)  
  31  2:58  Adept  
  34  3:11  Probe x2 (Chrono Boost)  
  35  3:16  Probe (Chrono Boost)  
  35  3:17  Probe  
  37  3:21  Twilight Council  
  37  3:27  Probe  
  37  3:28  Gateway  
  37  3:31  Probe  
  39  3:35  Phoenix (Chrono Boost)  
  39  3:40  Probe  
  42  3:43  Probe  
  42  3:48  Pylon  
  43  3:51  Phoenix  
  46  3:59  Pylon  
  46  4:06  Stalker  
  46  4:11  Probe  
  46  4:14  Probe  
  48  4:22  Phoenix  
  48  4:23  Probe  
  51  4:26  Probe  
  51  4:29  Nexus  
  52  4:38  Charge (Chrono Boost), Pylon  
  52  4:39  Probe  
  52  4:40  Shield Battery  
  53  4:48  Probe  
  53  4:52  Assimilator, Pylon  
  54  4:55  Probe  
  51  5:00  Probe  
  51  5:03  Oracle (Chrono Boost)  
  55  5:09  Zealot x2  
  55  5:12  Shield Battery  
  59  5:15  Probe  
  59  5:20  Probe  
  61  5:28  Probe  
  61  5:33  Phoenix  
  61  5:34  Gateway  
  64  5:36  Gateway  
  64  5:39  Probe  
  64  5:41  Probe  
  64  5:43  Probe  
  64  5:48  Forge  
  65  5:51  Robotics Facility, Probe  
  65  5:56  Sentry  
  65  5:57  Zealot  
  70  5:58  Probe  
  70  5:59  Probe  
  70  6:02  Phoenix (Chrono Boost)  
  74  6:05  Probe  
  74  6:10  Probe, Gateway  
  76  6:13  Gateway  
  76  6:15  Probe  
  77  6:24  Phoenix (Chrono Boost)  
  79  6:27  Zealot  
  79  6:28  Zealot  
  79  6:29  Zealot  
  85  6:32  Zealot  
  87  6:42  Phoenix  
  87  6:43  Shield Battery  
  87  6:45  Pylon  
  87  6:48  Zealot x2  
  87  7:01  Zealot x2  
  87  7:07  Zealot x2  
  91  7:08  Zealot  
  91  7:09  Zealot  
Tags
 
Add a new tag
Caveats
  • Supply blocks, unpowered buildings, or Contaminate may cause inaccurate times.
  • Supply counts are checked every 10 seconds.